 Dungeon Sprint DCSS version 0.28-a0-1510-gd0f6b136d3 (webtiles) character file.

Game seed: 15825616869549039124

24245 mhtbhm the Severer (level 12, -2/122 HPs)
             Began as a Minotaur Fighter on Jan 15, 2022.
             Was the Champion of Qazlal.
             Slain by an emperor scorpion (23 damage)
             ... in the Dungeon (Sprint VII: "The Pits").
             The game lasted 00:06:28 (3707 turns).

mhtbhm the Severer (Minotaur Fighter)               Turns: 3707, Time: 00:06:30

Health: -2/122     AC: 27    Str: 25    XL:     12   Next: 79%
Magic:  8/22       EV: 11    Int:  5    God:    Qazlal [******]
Gold:   36         SH: 16    Dex: 11    Spells: 11/11 levels left

rFire   . . .      SeeInvis .   a - +2 war axe (vorpal)
rCold   . . .      Faith    .   c - +0 buckler
rNeg    + . .      Spirit   .   b - +4 chain mail
rPois   .          Reflect  .   (helmet restricted)
rElec   .          Harm     .   u - +0 cloak
rCorr   .          Rampage  .   t - +0 pair of gloves
Will    .....      NoTele   +   (no boots)
Stlth   ..........              (no amulet)
HPRegen 0.30/turn               p - +3 ring of protection
MPRegen 0.18/turn               C - ring of positive energy

@: lethally poisoned (-2 -> -35), protected from physical damage, slowed, repel
missiles, very slow
A: horns 2, retaliatory headbutt
a: Renounce Religion, Upheaval, Elemental Force, Disaster Area


You were in the Dungeon.
You worshipped Qazlal.
Qazlal was exalted by your worship.
You visited 1 branch You collected 36 gold pieces.

Inventory:

Hand Weapons
 a - a +2 vorpal war axe (weapon)
 w - the +10 zealot's sword {holy, *Rage rN+ EV+3}
   (You found it in the Dungeon)

   It has been blessed by the Shining One to cause great damage to the undead
   and demons.
   Whenever the wielder enters a berserk rage, their allies are berserked
   alongside them.
   EV:        It affects your evasion (+3).
   rN:        It protects you from negative energy.
   *Rage:     It berserks you when you make melee attacks (+20% chance).
 E - the +8 battleaxe of the Twelve Visions {venom, Will+ Stlth+}
   (You found it in the Dungeon)

   It poisons the flesh of those it strikes.
   Will:      It increases your willpower.
   Stlth:     It makes you more stealthy.
Armour
 b - a +4 chain mail (worn)
 c - a +0 buckler (worn)
 t - a +0 pair of gloves (worn)
 u - a +0 cloak (worn)
Jewellery
 p - a +3 ring of protection (left hand)
 q - a ring of protection from fire
 v - a ring of protection from fire
 C - a ring of positive energy (right hand)
Wands
 n - a wand of digging (3)
Scrolls
 j - 4 scrolls of blinking
 l - 6 scrolls of amnesia
 m - a scroll of summoning
 y - a scroll of fear
 z - 2 scrolls of fog
 A - 4 scrolls of enchant weapon
 B - 4 scrolls of enchant armour
 D - a scroll of magic mapping
Potions
 d - 5 potions of might
 f - a potion of heal wounds
 g - 4 potions of haste
 h - 4 potions of magic
 i - 3 potions of berserk rage
 k - 2 potions of invisibility
 o - a potion of lignification {unknown}
 r - 2 potions of brilliance
 s - 2 potions of mutation
Miscellaneous
 x - a box of beasts
 F - a condenser vane


   Skills:
 + Level 16.0 Fighting
 + Level 20.1 Axes
 + Level 17.4 Armour
 + Level 7.2 Dodging
 + Level 1.3 Stealth
 + Level 17.3 Shields
 * Level 15.9 Invocations


You had 11 spell levels left.
You didn't know any spells.
Your spell library contained the following spells:

 Spells                   Type           Power      Damage    Failure   Level
 Pain                     Necr           0%         1d4       91%         1
 Agony                    Necr           0%         N/A       100%        5
 Excruciating Wounds      Necr           0%         N/A       100%        5
 Chain Lightning          Conj/Air       0%         N/A       100%        9
 Fire Storm               Conj/Fire      0%         5d1       100%        9
 Shatter                  Erth           0%         3d5*      100%        9


Dungeon Overview and Level Annotations

Branches:
Dungeon (1/1)

Altars:
Ashenzari
Cheibriados
Dithmenos
Elyvilon
Fedhas
Gozag
Hepliaklqana
Kikubaaqudgha
Makhleb
Nemelex Xobeh
Okawaru
Qazlal
Ru
Sif Muna
Trog
Uskayaw
Vehumet
Wu Jian
Xom
Yredelemnul
Zin
The Shining One
Beogh
Jiyva
Lugonu


Innate Abilities, Weirdness & Mutations

You have a pair of horns on your head.
You reflexively headbutt those who attack you in melee.


Message History

The emperor scorpion closely misses you.
The emperor scorpion claws you but does no damage.
You feel much better.
* * * LOW HITPOINT WARNING * * *
You feel extremely sick.
You block the emperor scorpion's attack.
The emperor scorpion closely misses you.
You block the emperor scorpion's attack.
Unknown command.
You feel much better.
You feel extremely sick. The emperor scorpion stings you!
* * * LOW HITPOINT WARNING * * *
You are lethally poisoned!
The emperor scorpion poisons you! The emperor scorpion claws you!
* * * LOW HITPOINT WARNING * * *
You feel more protected from physical attacks.
You block the emperor scorpion's attack. x2
The emperor scorpion barely misses you.
The emperor scorpion claws you but does no damage.
You feel much better.
* * * LOW HITPOINT WARNING * * *
You feel extremely sick.
You block the emperor scorpion's attack.
The emperor scorpion claws you.
* * * LOW HITPOINT WARNING * * *
The emperor scorpion claws you!
* * * LOW HITPOINT WARNING * * *
You feel more protected from physical attacks.
The emperor scorpion barely misses you.
The emperor scorpion closely misses you.
The emperor scorpion misses you.
A lindwurm comes into view.
You feel much better.
* * * LOW HITPOINT WARNING * * *
You feel extremely sick.
The emperor scorpion stings you but does no damage.
You block the emperor scorpion's attack. x2
The emperor scorpion stings you!!
You die...

#....................
#..################.. #..# #.#
#.. #..# #.# #.. #..# #.# #..
#..# #k# #.. #..##.# #..
#.≈#s########## #..
#############...@.○...≈....
#_________.##..○.○.≈.......
#_________.###########++###
#_______...###########++#########
##########'##................##..
#.?(.))))'.##......#..#......##.†
##########.##................''..
#...........'................''.†
#'#####'#####......#..#......##..


You could see an emperor scorpion (strong) and a lindwurm.

Vanquished Creatures
  2 nagarajas (D)
  An emperor scorpion (D)
  An ophan (D)
  A minotaur (D)
  A yellow draconian (D)
  2 eidola (D)
  A mummy priest (D)
  An alligator snapping turtle (D)
  A fire crab (D)
  A shadow wraith (D)
  A deep elf knight (D)
  A sea snake (D)
  A spriggan druid (D)
  3 bog bodies (D)
  A lindwurm (D)
  An orc knight (D)
  2 deep elf zephyrmancers (D)
  A phantasmal warrior (D)
  A deep elf pyromancer (D)
  A manticore (D)
  4 elephants (D)
  A molten gargoyle (D)
  A cane toad (D)
  A smoke demon (D)
  A demonic crawler (D)
  An efreet (D)
  A troll (D)
  A merfolk (D)
  A polar bear (D)
  4 tarantellas (D)
  2 wandering mushrooms (D)
  A wind drake (D)
  4 blink frogs (D)
  5 dream sheep (D)
  A spriggan (D)
  A shadow (D)
  A large abomination (D)
  A wraith (D)
  A basilisk (D)
  A fire elemental (D)
  3 redbacks (D)
  Menkaure (D)
  A warg (D)
  An acid dragon (D)
  2 water moccasins (D)
  A swamp drake (D)
  3 orc warriors (D)
  2 ogres (D)
  An ice beast (D)
  4 wolves (D)
  2 centaurs (D)
  A phantom (D)
  2 kobold brigands (D)
  2 bullfrogs (D)
  2 scorpions (D)
  A crimson imp (D)
  A jelly (D)
  An orc priest (D)
  Terence (D)
  Ijyb (D)
  2 river rats (D)
  An ufetubus (D)
  5 orcs (D)
  A bat skeleton (D)
  A bat zombie (D)
  2 giant cockroaches (D)
  2 goblins (D)
  3 hobgoblins (D)
  2 quokkas (D)
  A ball python (D)
  A ball python skeleton (D)
  2 bat simulacra (D)
  A quokka simulacrum (D)
116 creatures vanquished.

Notes
Turn   | Place    | Note
-------+----------+-------------------------------------------
     0 | D        | mhtbhm the Minotaur Fighter began the quest for the Orb.
     0 | D        | Reached XP level 1. HP: 19/19 MP: 0/0
    21 | D        | Found a bloodstained altar of Trog.
    21 | D        | Found a shimmering blue altar of Sif Muna.
    21 | D        | Found a viscous altar of Jiyva.
    21 | D        | Found a hazy altar of Hepliaklqana.
    21 | D        | Found an opulent altar of Gozag.
    22 | D        | Found a glowing golden altar of the Shining One.
    22 | D        | Found a glowing silver altar of Zin.
    22 | D        | Found a basalt altar of Yredelemnul.
    22 | D        | Found a shimmering altar of Xom.
    22 | D        | Found an ornate altar of the Wu Jian Council.
    22 | D        | Found a sacrificial altar of Ru.
    22 | D        | Found a stormy altar of Qazlal.
    22 | D        | Found an iron altar of Okawaru.
    22 | D        | Found a sparkling altar of Nemelex Xobeh.
    22 | D        | Found a burning altar of Makhleb.
    22 | D        | Found a blossoming altar of Fedhas.
    22 | D        | Found a white marble altar of Elyvilon.
    22 | D        | Found a shadowy altar of Dithmenos.
    22 | D        | Found a snail-covered altar of Cheibriados.
    24 | D        | Found a radiant altar of Vehumet.
    24 | D        | Found a corrupted altar of Lugonu.
    25 | D        | Found a hide-covered altar of Uskayaw.
    25 | D        | Found an ancient bone altar of Kikubaaqudgha.
    25 | D        | Found a broken altar of Ashenzari.
    29 | D        | Became a worshipper of Qazlal Stormbringer
   302 | D        | Reached * piety under Qazlal
   315 | D        | Noticed a water moccasin
   318 | D        | Reached ** piety under Qazlal
   319 | D        | Reached skill level 1 in Invocations
   319 | D        | Reached XP level 2. HP: 22/28 MP: 1/1
   327 | D        | Killed a water moccasin
   328 | D        | Reached skill level 4 in Axes
   328 | D        | Reached skill level 1 in Dodging
   328 | D        | Reached XP level 3. HP: 7/38 MP: 1/4
   328 | D        | Reached XP level 4. HP: 8/45 MP: 1/5
   591 | D        | Noticed a warg
   597 | D        | Noticed Terence
   597 | D        | Noticed an orc warrior
   599 | D        | Noticed an ice beast
   602 | D        | Killed a warg
   602 | D        | Reached *** piety under Qazlal
   603 | D        | Reached skill level 6 in Axes
   603 | D        | Reached skill level 5 in Invocations
   603 | D        | Reached XP level 5. HP: 28/52 MP: 5/7
   607 | D        | Killed Terence
   608 | D        | Reached XP level 6. HP: 23/60 MP: 5/8
   621 | D        | Reached **** piety under Qazlal
   623 | D        | Killed an orc warrior
   624 | D        | Reached skill level 7 in Axes
   624 | D        | Reached skill level 1 in Stealth
   626 | D        | Reached skill level 8 in Axes
   629 | D        | Killed an ice beast
   817 | D        | Reached skill level 9 in Axes
   817 | D        | Reached XP level 7. HP: 64/69 MP: 10/10
   819 | D        | Noticed a troll
   827 | D        | Killed a troll
   827 | D        | Reached ***** piety under Qazlal
   828 | D        | Reached skill level 10 in Axes
   981 | D        | Noticed Ijyb
   987 | D        | Killed Ijyb
   994 | D        | Reached skill level 10 in Armour
  1016 | D        | Noticed a shadow
  1029 | D        | Reached XP level 8. HP: 78/78 MP: 12/12
  1035 | D        | Reached skill level 11 in Axes
  1434 | D        | Noticed a tarantella
  1434 | D        | Noticed a bog body
  1450 | D        | Killed a bog body
  1450 | D        | Reached ****** piety under Qazlal
  1450 | D        | Killed a tarantella
  1451 | D        | Reached skill level 10 in Fighting
  1451 | D        | Reached skill level 12 in Axes
  1745 | D        | Noticed a manticore
  1747 | D        | Noticed a lindwurm
  1747 | D        | Noticed a dream sheep
  1747 | D        | Noticed a dream sheep
  1750 | D        | Killed a manticore
  1751 | D        | Reached skill level 10 in Shields
  1751 | D        | Reached XP level 9. HP: 82/86 MP: 14/14
  1755 | D        | Reached skill level 13 in Axes
  1761 | D        | Killed a lindwurm
  1768 | D        | Reached skill level 10 in Invocations
  1770 | D        | Reached skill level 14 in Axes
  1774 | D        | HP: 2/90 [tarantella (6)]
  1780 | D        | Reached XP level 10. HP: 15/97 MP: 16/16
  2106 | D        | Noticed a phantasmal warrior
  2112 | D        | Reached skill level 5 in Dodging
  2115 | D        | Killed a phantasmal warrior
  2187 | D        | Noticed a fire crab
  2188 | D        | Noticed a molten gargoyle
  2197 | D        | Killed a molten gargoyle
  2198 | D        | Reached skill level 15 in Axes
  2208 | D        | Killed a fire crab
  2394 | D        | Noticed a deep elf zephyrmancer
  2404 | D        | Killed a shadow wraith
  2405 | D        | Killed a deep elf zephyrmancer
  2406 | D        | Reached skill level 16 in Axes
  2587 | D        | Noticed a sea snake
  2587 | D        | Noticed an orc knight
  2587 | D        | Noticed an emperor scorpion
  2587 | D        | Noticed a deep elf zephyrmancer
  2587 | D        | Noticed a bog body
  2588 | D        | Noticed Menkaure
  2589 | D        | Killed Menkaure
  2589 | D        | Killed a sea snake
  2589 | D        | Killed a bog body
  2590 | D        | Reached skill level 17 in Axes
  2590 | D        | Reached skill level 15 in Armour
  2590 | D        | Reached XP level 11. HP: 107/107 MP: 9/19
  2593 | D        | Killed a deep elf zephyrmancer
  2603 | D        | Killed an emperor scorpion
  2609 | D        | Killed an orc knight
  2714 | D        | Found the +10 zealot's sword {holy, *Rage rN+ EV+3}
  2880 | D        | Reached skill level 18 in Axes
  3123 | D        | Reached skill level 15 in Shields
  3138 | D        | Noticed a nagaraja
  3141 | D        | Noticed a deep elf pyromancer
  3146 | D        | Killed a deep elf pyromancer
  3156 | D        | Killed a nagaraja
  3505 | D        | Noticed an ophan
  3505 | D        | Noticed a yellow draconian
  3505 | D        | Noticed an alligator snapping turtle
  3505 | D        | Noticed an eidolon
  3507 | D        | Reached XP level 12. HP: 106/118 MP: 12/21
  3507 | D        | Killed a yellow draconian
  3507 | D        | Killed an eidolon
  3507 | D        | Killed an ophan
  3508 | D        | Reached skill level 15 in Fighting
  3508 | D        | Reached skill level 19 in Axes
  3511 | D        | Killed an alligator snapping turtle
  3520 | D        | Got the +8 battleaxe of the Twelve Visions {venom, Will+
                  | Stlth+}
  3663 | D        | Noticed a mummy priest
  3664 | D        | Noticed a minotaur
  3667 | D        | Noticed a nagaraja
  3676 | D        | Noticed an eidolon
  3677 | D        | Killed a minotaur
  3681 | D        | Killed a nagaraja
  3683 | D        | Reached skill level 15 in Invocations
  3683 | D        | Killed a mummy priest
  3683 | D        | Noticed an emperor scorpion
  3685 | D        | Killed an eidolon
  3699 | D        | Reached skill level 20 in Axes
  3703 | D        | HP: 1/122 [emperor scorpion (18)]
  3707 | D        | Slain by an emperor scorpion

Illustrated notes

Levels and vault maps discovered:
D:        pitsprint [storerooms_1, entrance_room_1, metal_vault_1, armoury_1,
          mini_pit_1, grid_room_1, main_hall_1, silver_pit, the_coven_2,
          the_vestibule_1, steel_vault_4, golden_pit, hallway_of_sentries,
          crystal_vault_2, iron_vault_3, final_vault]

Skill      XL: |  1  2  3  4  5  6  7  8  9 10 11 12 |
---------------+-------------------------------------+-----
Fighting       | 4 6 7 8 9 10 11 13 14 16 | 16.0
Armour         | 4 6 7 8 9 10 11 13 15 16 17 | 17.4
Shields        | 4 6 7 8 9 10 11 13 15 17 | 17.3
Invocations    | 1 3 5 6 7 9 10 12 13 15 | 15.9
Axes           | 4 6 9 10 12 14 17 18 20 | 20.1
Dodging        | 1 2 3 4 5 6 7 |  7.2
Stealth        | 1 |  1.3

Action                   |  1- 3 |  4- 6 |  7- 9 | 10-12 || total
-------------------------+-------+-------+-------+-------++-------
Melee: Hand axe          |    20 |    35 |    33 |       ||    88
       Headbutt          |     4 |     4 |    12 |    22 ||    42
       War axe           |     2 |       |    31 |   151 ||   184
Invok: Upheaval          |       |     1 |       |     1 ||     2
       Disaster Area     |       |       |       |     5 ||     5
Evoke: Condenser vane    |       |       |       |     1 ||     1
  Use: Potion            |     1 |     3 |     6 |    10 ||    20
Armor: Scale mail        |     4 |     1 |       |       ||     5
       Chain mail        |       |     8 |    35 |    78 ||   121
Dodge: Dodged            |    10 |     5 |    25 |    52 ||    92
       Repelled          |       |       |       |     3 ||     3
Block: Buckler           |    12 |    12 |    34 |   132 ||   190

Table legend: (Time is in decaauts)
 A = Elapsed time spent in this place.
 B = Non-inter-level travel time spent in this place.
 C = Inter-level travel time spent in this place.
 D = Time resting spent in this place.
 E = Time spent auto-exploring this place.
 F = Levels seen in this place.
 G = Mean time per level.
                   A        B        C        D        E       F      G
               +--------+--------+--------+--------+--------+-----+--------+
         Total |   3687 |   3687 |      0 |   2522 |      0 |   1 | 3687.0 |
       Dungeon |   3687 |   3687 |      0 |   2522 |      0 |   1 | 3687.0 |
               +--------+--------+--------+--------+--------+-----+--------+

Top non-repeatable levels by time:
       D: 3687 daAuts
